Map: Incorporeal LE

Players

ManlyManMeat - Winner!

  • Race: Zerg Zerg
  • League: Diamond
  • Spawn Location: 5:00

FTwoAnon

  • Race: Terran Terran
  • League: Diamond
  • Spawn Location: 11:00

VOD

Have the link to the VOD?

Description

Time

  • Played on: July 5, 2025, 8:39 a.m.
  • Length: 10:16
Show
View Real Time Build Order
Export as new Build Order

ManlyManMeat Zerg - Winner!

Build Orders: Hatch First 

Get SALT Encoding   

  12  0:00  Drone  
  13  0:07  Drone  
  14  0:15  Drone, Extractor  
  15  0:22  Overlord  
  15  0:40  Drone  
  16  0:46  Hatchery  
  15  0:50  Drone  
  15  0:54  Drone  
  17  0:57  Drone  
  18  1:08  Extractor  
  17  1:15  Spawning Pool  
  17  1:16  Drone  
  17  1:20  Drone  
  18  1:26  Drone  
  19  1:36  Drone  
  20  2:04  Zergling x4  
  20  2:05  Queen x2  
  20  2:06  Overlord  
  26  2:11  Drone x2  
  28  2:20  Metabolic Boost  
  28  2:26  Drone x2  
  30  2:38  Zergling x4  
  32  2:55  Queen  
  32  2:57  Drone x2, Overlord x2  
  36  2:58  Spine Crawler  
  35  3:11  Drone  
  36  3:16  Drone x3, Extractor  
  38  3:42  Drone x3  
  38  3:44  Drone x2, Baneling Nest  
  38  3:45  Queen  
  44  3:49  Hatchery  
  43  4:01  Overlord x3  
  43  4:18  Queen  
  43  4:23  Spore Crawler  
  43  4:24  Spore Crawler  
  42  4:44  Drone x3  
  42  4:45  Drone x5  
  49  5:15  Drone x10  
  49  5:16  Overlord x3  
  59  5:26  Zergling x4  
  61  5:30  Zergling x2  
  62  5:38  Lair  
  62  5:42  Evolution Chamber  
  61  5:43  Queen x2  
  61  5:49  Baneling  
  65  5:50  Baneling x6  
  65  5:51  Zergling x10  
  70  6:05  Overlord x3  
  68  6:29  Zergling x2  
  68  6:30  Zergling x34  
  84  6:36  Centrifugal Hooks  
  84  6:37  Zerg Melee Weapons Level 1  
  81  6:48  Hatchery  
  81  6:52  Zergling x16  
  88  6:55  Hatchery  
  87  7:02  Infestation Pit  
  86  7:16  Drone  
  86  7:17  Drone  
  86  7:20  Extractor x3  
  86  7:21  Drone x3  
  86  7:22  Drone x3, Extractor  
  90  7:26  Zergling x20  
  100  7:37  Drone x3  
  100  7:40  Baneling x8  
  100  7:41  Baneling x9  
  103  7:47  Evolution Chamber  
  101  8:25  Infestor x2  
  101  8:26  Zergling x36  
  113  8:46  Overlord x3  
  111  8:51  Hatchery  
  111  8:52  Hatchery  
  103  9:00  Infestor  
  103  9:07  Overseer  
  103  9:08  Overseer  
  102  9:13  Baneling x5  
  102  9:23  Drone  
  81  9:42  Zergling x30  
  82  9:51  Zergling x2  
  82  9:52  Zergling x36  
Show
View Real Time Build Order
Export as new Build Order

FTwoAnon Terran 

Build Orders: Liberator Opening 

Get SALT Encoding   

  12  0:00  SCV  
  13  0:12  SCV  
  14  0:17  Supply Depot  
  14  0:25  SCV  
  15  0:39  SCV  
  15  0:40  Barracks  
  16  0:43  Refinery  
  16  0:51  SCV  
  16  0:53  Refinery  
  17  1:03  SCV  
  18  1:15  SCV  
  19  1:27  Orbital Command, Reaper  
  19  1:32  Supply Depot  
  20  1:48  Factory  
  20  1:54  SCV  
  21  1:59  Marine  
  22  2:08  SCV  
  23  2:21  Command Center  
  23  2:25  SCV  
  24  2:32  Supply Depot  
  24  2:35  Barracks Tech Lab  
  24  2:37  SCV  
  25  2:49  Factory Reactor, SCV  
  26  2:54  Starport  
  26  3:00  Stimpack  
  26  3:01  SCV  
  27  3:13  SCV  
  28  3:25  SCV  
  29  3:27  Hellion  
  29  3:28  Hellion  
  29  3:31  Liberator  
  36  3:40  SCV  
  37  3:46  Refinery x2  
  37  3:54  Hellion  
  38  3:55  Barracks  
  38  4:03  Orbital Command  
  38  4:10  SCV  
  38  4:13  Hellion  
  41  4:22  SCV  
  42  4:32  SCV  
  42  4:36  Hellion x2  
  47  4:44  Starport Reactor, Barracks Reactor  
  47  4:49  Barracks  
  44  5:09  SCV x2  
  44  5:10  Factory Reactor  
  44  5:13  Marine, Combat Shield  
  45  5:21  SCV  
  46  5:26  Command Center  
  46  5:27  Supply Depot  
  46  5:31  SCV  
  46  5:32  Supply Depot  
  47  5:39  Marine x2  
  47  5:40  Marine  
  50  5:42  Medivac  
  50  5:43  Medivac  
  54  5:53  SCV x2  
  56  5:58  Marine x5  
  56  6:00  Widow Mine x2  
  65  6:05  SCV x2  
  65  6:07  Supply Depot  
  67  6:16  Marine, Medivac  
  70  6:28  SCV x2  
  70  6:40  Marine x2  
  70  6:43  SCV x2  
  74  6:52  Orbital Command  
  74  6:55  SCV x2  
  74  6:59  Marine  
  74  7:01  Widow Mine x2  
  81  7:07  SCV  
  82  7:15  Marine x4  
  86  7:17  Marine  
  86  7:21  Command Center  
  86  7:22  Barracks  
  87  7:24  Barracks, Engineering Bay x2, SCV x2  
  90  7:32  Orbital Command  
  90  7:36  SCV x2  
  91  7:42  Armory  
  91  7:49  Barracks  
  91  7:51  Barracks  
  91  7:52  Terran Infantry Armor Level 1, Marine, Terran Infantry Weapons Level 1  
  91  7:53  Barracks, Marine  
  93  8:01  Supply Depot  
  93  8:07  Missile Turret, Refinery  
  93  8:11  Refinery  
  93  8:17  Supply Depot  
  93  8:19  Marine, SCV  
  93  8:20  Marine x3, SCV x2  
  93  8:21  Marine  
  93  8:22  Widow Mine x2  
  93  8:26  Marine x2  
  76  8:32  SCV x2  
  72  8:37  Marine  
  72  8:38  Marine x2  
  72  8:39  Marine  
  72  8:44  Marine x2  
  72  8:48  Marine  
  73  8:51  Marine  
  73  8:56  Marine x2  
  73  8:58  SCV  
  76  9:05  Barracks Tech Lab  
  76  9:06  Marine  
  76  9:08  SCV  
  76  9:09  Hellion  
  78  9:20  Marine x3  
  71  9:44  Marine  
  39  9:54  Marine  
  39  9:55  Marine  
  39  9:59  SCV x4  
Tags
 
Add a new tag
Caveats
  • Supply blocks, unpowered buildings, or Contaminate may cause inaccurate times.
  • Supply counts are checked every 10 seconds.